[Event "Titled Tuesday Blitz November 14 Late 2023"]
[White "Kostiukov, Alexandr"]
[Black "Li, Hui"]
[WhiteFideId "14108100"]
[BlackFideId "15400310"]
[WhiteElo "2441"]
[BlackElo "2341"]
[Result "1/2-1/2"]
[Round "7"]
[TimeControl "180+1"]
[Date "2023.11.14"]
[WhiteClock "0:00:20"]
[BlackClock "0:00:09"]
[Board "93"]

1. g3 d5 2. Bg2 c6 3. d3 Nf6 4. e4 dxe4 5. dxe4 Qxd1+ 6. Kxd1 e5 7. f3 Be6 8. Be3 Nbd7 9. Nd2 Bc5 10. Ke2 Ke7 11. Bh3 Bxh3 12. Nxh3 Bxe3 13. Kxe3 Nc5 14. Nf2 Nfd7 15. a4 a5 16. Nc4 Ne6 17. c3 f6 18. Rhd1 Ndc5 19. Nd3 Nxd3 20. Rxd3 Nc5 21. Rdd1 Rhd8 22. Rxd8 Kxd8 23. f4 exf4+ 24. gxf4 g6 25. h4 Ke7 26. h5 Kf7 27. hxg6+ hxg6 28. Rh1 Kg7 29. Rd1 Kf7 30. Rh1 Kg7 31. f5 gxf5 32. exf5 Nxa4 33. Rg1+ Kf7 34. Nd6+ Ke7 35. Ne4 Nxb2 36. Rg7+ Kf8 37. Rxb7 Nc4+ 38. Kd4 Ne5 39. Nxf6 Nf3+ 40. Kc5 a4 41. Nd7+ Kg8 42. Rb1 a3 43. Nb6 a2 44. Ra1 Ra5+ 45. Kxc6 Rxf5 46. Rxa2 Ne5+ 47. Kb7 Rf7+ 48. Ka6 Rf6 49. Rb2 Nc4 50. Rb4 Nxb6 51. Rxb6 Rf4 52. Rc6 Kf7 53. c4 Ke7 54. c5 Kd7 55. Rd6+ Kc7 56. Kb5 Rf1 57. Rc6+ Kb7 58. Rb6+ Kc7 59. Rh6 Rb1+ 60. Kc4 Rc1+ 61. Kd5 Rd1+ 62. Ke4 Re1+ 63. Kd3 Rc1 64. Kd4 Rd1+ 65. Kc3 Rc1+ 66. Kb4 Rb1+ 67. Ka3 Rc1 68. Rh5 Kc6 69. Kb4 Rb1+ 70. Kc4 Rc1+ 71. Kd4 Rd1+ 72. Ke3 Rc1 73. Kd4 Rd1+ 74. Kc4 Rc1+ 75. Kd4 1/2-1/2


[Site "https://www.chess.com"]

[Event "Titled Tuesday Blitz November 14 Late 2023"]
[White "Wanyama, Harold"]
[Black "Romero Ruscalleda, Josep"]
[WhiteFideId "10000380"]
[BlackFideId "2231859"]
[WhiteElo "2439"]
[BlackElo "2331"]
[Result "1-0"]
[Round "7"]
[TimeControl "180+1"]
[Date "2023.11.14"]
[WhiteClock "0:01:28"]
[BlackClock "0:00:34"]
[Board "94"]

1. d4 g6 2. e4 Bg7 3. Nc3 d6 4. f4 a6 5. a4 Nc6 6. Be3 Nf6 7. h3 e5 8. Nf3 exd4 9. Nxd4 Bd7 10. Be2 O-O 11. O-O Re8 12. Bf3 Nxd4 13. Bxd4 Bc6 14. Re1 Qd7 15. Qd2 b5 16. Nd5 Bxd5 17. exd5 bxa4 18. Qc3 Nh5 19. Bxh5 Bxd4+ 20. Qxd4 gxh5 21. Qf6 Qb5 22. Rxe8+ Rxe8 23. Ra3 Re1+ 24. Kh2 h4 25. Qxh4 Kf8 26. Qxe1 1-0


[Site "https://www.chess.com"]

[Event "Titled Tuesday Blitz November 14 Late 2023"]
[White "Golubenko, Valentina"]
[Black "Estrada Nieto, Julian"]
[WhiteFideId "4501993"]
[BlackFideId "5101018"]
[WhiteElo "2329"]
[BlackElo "2434"]
[Result "1-0"]
[Round "7"]
[TimeControl "180+1"]
[Date "2023.11.14"]
[WhiteClock "0:00:13"]
[BlackClock "0:01:00"]
[Board "95"]

1. d4 d5 2. g3 Nf6 3. Bg2 c6 4. Nf3 Bf5 5. O-O Nbd7 6. Nbd2 e6 7. c4 Be7 8. Nh4 Bg4 9. Nhf3 O-O 10. b3 a5 11. Bb2 a4 12. bxa4 Qa5 13. c5 Qxa4 14. Nb3 h6 15. Nfd2 Rfe8 16. Qe1 Qb5 17. f3 Bf5 18. e4 Bg6 19. f4 dxe4 20. Nxe4 Nxe4 21. Bxe4 Bxe4 22. Qxe4 Nf6 23. Qf3 Bf8 24. Rfb1 Qc4 25. Nd2 Qd5 26. Qxd5 exd5 27. Bc3 Ra7 28. Rb3 Re2 29. a4 Ng4 30. a5 Nxh2 31. Rab1 Rxd2 32. Bxd2 Nf3+ 33. Rxf3 Be7 34. Rfb3 Bf6 35. Be3 Ra8 36. Rxb7 Re8 37. Rb8 Rxb8 38. Rxb8+ Kh7 39. a6 Kg6 40. g4 h5 41. f5+ Kh7 42. g5 Be7 43. a7 g6 44. f6 Bf8 45. Rxf8 h4 46. a8=Q h3 47. Rh8# 1-0


[Site "https://www.chess.com"]

[Event "Titled Tuesday Blitz November 14 Late 2023"]
[White "PoXerStar"]
[Black "Cooper, Aaron"]
[BlackFideId "2634945"]
[WhiteElo "2433"]
[BlackElo "2299"]
[Result "1-0"]
[Round "7"]
[TimeControl "180+1"]
[Date "2023.11.14"]
[WhiteClock "0:00:17"]
[BlackClock "0:01:05"]
[Board "96"]

1. e4 d5 2. exd5 Qxd5 3. Nc3 Qd6 4. d4 Nf6 5. Nf3 c6 6. g3 Bg4 7. Bg2 e6 8. Bf4 Qd8 9. Qd2 Bxf3 10. Bxf3 Bd6 11. O-O-O Bxf4 12. Qxf4 Nbd7 13. g4 h6 14. h4 Qb8 15. Qe3 Qd6 16. g5 Nd5 17. Bxd5 cxd5 18. f4 O-O-O 19. Kb1 Kb8 20. f5 hxg5 21. hxg5 exf5 22. Nb5 Qb6 23. Qf4+ Ka8 24. Nc7+ Kb8 25. Nxd5+ Ka8 26. Nxb6+ Nxb6 27. Rxh8 Rxh8 28. Qxf5 1-0


[Site "https://www.chess.com"]

[Event "Titled Tuesday Blitz November 14 Late 2023"]
[White "Marcziter, Dmitrii"]
[Black "Aarakan, J"]
[WhiteFideId "13900765"]
[BlackFideId "9946276"]
[WhiteElo "2428"]
[BlackElo "2240"]
[Result "1-0"]
[Round "7"]
[TimeControl "180+1"]
[Date "2023.11.14"]
[WhiteClock "0:00:28"]
[BlackClock "0:01:21"]
[Board "97"]

1. d4 d5 2. c4 e6 3. Nc3 Nf6 4. Bg5 Be7 5. e3 O-O 6. Qc2 h6 7. Bh4 c5 8. Nf3 cxd4 9. Nxd4 Nc6 10. Rd1 Nxd4 11. Rxd4 Qa5 12. a3 dxc4 13. Bxc4 Qh5 14. Bg3 b6 15. O-O Bb7 16. Rfd1 Rac8 17. Be2 Qc5 18. Qa4 Rfd8 19. Rxd8+ Rxd8 20. Rxd8+ Bxd8 21. Qxa7 Qc8 22. Qa4 Nd5 23. Nxd5 Bxd5 24. Qd1 Bf6 25. b4 Qc3 26. Bf3 Qxa3 27. Bxd5 exd5 28. b5 Qc5 29. Qf1 d4 30. exd4 Bxd4 31. h3 g6 32. Qd3 Kg7 33. Qe2 f5 34. Kh2 g5 35. Bb8 Bxf2 36. Qe8 f4 37. Be5+ Kh7 38. Qf7# 1-0


[Site "https://www.chess.com"]

[Event "Titled Tuesday Blitz November 14 Late 2023"]
[White "Ramadoss, Ashokkumar"]
[Black "RodokininEV"]
[WhiteFideId "5040990"]
[WhiteElo "2332"]
[BlackElo "2505"]
[Result "1-0"]
[Round "7"]
[TimeControl "180+1"]
[Date "2023.11.14"]
[WhiteClock "0:00:10"]
[BlackClock "0:00:10"]
[Board "98"]

1. Nf3 Nf6 2. c4 g6 3. Nc3 Bg7 4. e4 d6 5. d4 O-O 6. Be2 Bg4 7. O-O Nfd7 8. Be3 Nc6 9. d5 Bxf3 10. Bxf3 Na5 11. Qa4 Bxc3 12. bxc3 b6 13. Be2 e5 14. g3 Qe8 15. Rae1 Nf6 16. Qxe8 Rfxe8 17. f3 Nd7 18. Kg2 Nc5 19. Bxc5 bxc5 20. Rb1 Reb8 21. Rb5 Rxb5 22. cxb5 Nb7 23. f4 f6 24. Bg4 Kg7 25. h4 a6 26. a4 axb5 27. axb5 Ra3 28. fxe5 dxe5 29. Rb1 Nd6 30. Bf3 Rxc3 31. b6 cxb6 32. Rxb6 Rc2+ 33. Kh3 Nc4 34. Rb7+ Kh6 35. Bg4 f5 36. exf5 gxf5 37. Bxf5 Rh2+ 38. Kxh2 Ne3 39. Rxh7# 1-0


[Site "https://www.chess.com"]

[Event "Titled Tuesday Blitz November 14 Late 2023"]
[White "Gasparyan, David"]
[Black "AndresDelgado77"]
[WhiteFideId "13311980"]
[WhiteElo "2478"]
[BlackElo "2330"]
[Result "1-0"]
[Round "7"]
[TimeControl "180+1"]
[Date "2023.11.14"]
[WhiteClock "0:01:41"]
[BlackClock "0:00:00"]
[Board "99"]

1. d4 Nf6 2. g3 c5 3. Nf3 cxd4 4. Nxd4 g6 5. Bg2 Bg7 6. O-O O-O 7. c4 Nc6 8. Nc3 Nxd4 9. Qxd4 d6 10. Rd1 Qa5 11. Bd2 Ng4 12. Qd5 Qb6 13. Be1 Qxb2 14. Rab1 Qc2 15. Be4 Qxc3 16. Bxc3 Bxc3 17. Qd3 Ba5 18. Bxb7 Bf5 19. e4 Ne5 20. Qa3 Nxc4 21. Qa4 1-0


[Site "https://www.chess.com"]

[Event "Titled Tuesday Blitz November 14 Late 2023"]
[White "Harish, Neeraj"]
[Black "Weisz, Bryan"]
[WhiteFideId "30958130"]
[BlackFideId "30934133"]
[WhiteElo "2329"]
[BlackElo "2429"]
[Result "0-1"]
[Round "7"]
[TimeControl "180+1"]
[Date "2023.11.14"]
[WhiteClock "0:01:31"]
[BlackClock "0:02:21"]
[Board "101"]

1. e4 d5 2. exd5 Nf6 3. d4 Bg4 4. f3 Bf5 5. g4 Bg6 6. c4 e6 7. dxe6 Bb4+ 8. Nc3 O-O 9. Be3 Re8 10. Qd2 Nc6 11. O-O-O fxe6 12. Nge2 e5 13. d5 Na5 14. h4 Nxc4 0-1


[Site "https://www.chess.com"]

[Event "Titled Tuesday Blitz November 14 Late 2023"]
[White "patzersame"]
[Black "Buchenau, Frank"]
[BlackFideId "4604350"]
[WhiteElo "2323"]
[BlackElo "2415"]
[Result "1-0"]
[Round "7"]
[TimeControl "180+1"]
[Date "2023.11.14"]
[WhiteClock "0:00:09"]
[BlackClock "0:00:00"]
[Board "102"]

1. e4 e6 2. d4 d5 3. e5 c5 4. Qg4 cxd4 5. Nf3 Nc6 6. Bd3 f6 7. Bxh7 fxe5 8. Bg6+ Kd7 9. O-O Nf6 10. Qg5 Bd6 11. g3 e4 12. Ne1 Ne5 13. f4 Neg4 14. f5 Nxh2 15. fxe6+ Kc7 16. Bf5 Nxf1 17. Qxg7+ Kb6 18. Bg5 Be7 19. Kxf1 Rh1+ 20. Ke2 Rh2+ 21. Kd1 Rf2 22. g4 a6 23. Nd2 Ka7 24. Bh4 Rh2 25. Bg3 Rh1 26. Be5 Ne8 27. Bxd4+ Kb8 28. Be5+ Bd6 29. c3 Bxe5 30. Qxe5+ Qd6 31. Qd4 Bxe6 32. Nxe4 Qe7 33. Qe5+ Nc7 34. Ng3 Qd7 35. Nxh1 Bxf5 36. Qxf5 Qb5 37. Kc2 Ka7 38. Nd3 Re8 39. Qf2+ b6 40. Ng3 Ne6 41. Re1 Qc6 42. Nf5 Rc8 43. Nd4 Qa4+ 44. Kb1 Nxd4 45. Qxd4 Qd7 46. a3 Rc4 47. Ne5 1-0


[Site "https://www.chess.com"]

[Event "Titled Tuesday Blitz November 14 Late 2023"]
[White "Su, Dion"]
[Black "FM_Kappeler"]
[WhiteFideId "2029731"]
[WhiteElo "2405"]
[BlackElo "2300"]
[Result "0-1"]
[Round "7"]
[TimeControl "180+1"]
[Date "2023.11.14"]
[WhiteClock "0:00:36"]
[BlackClock "0:00:17"]
[Board "103"]

1. e4 c5 2. Nf3 e6 3. d4 cxd4 4. Nxd4 Nf6 5. Nc3 d6 6. Be3 Nc6 7. Bd3 Be7 8. O-O O-O 9. Nb3 b6 10. f4 Bb7 11. Kh1 a5 12. a4 Nb4 13. Rf3 Rc8 14. Rh3 e5 15. Nd5 Bxd5 16. exd5 e4 17. Bb5 Nxc2 18. Rb1 Nxe3 19. Rxe3 Nd7 20. Rxe4 Nc5 21. Nxc5 Rxc5 22. Qe2 Bf6 23. Bc6 Qc8 24. Re1 g6 25. h3 h5 26. Rf1 h4 27. f5 g5 28. Qh5 Kg7 29. Qg4 Rxc6 30. dxc6 Qxc6 31. Qe2 d5 32. Re5 Rd8 33. b3 Bxe5 34. Qxe5+ Qf6 35. Qe2 d4 36. Qd3 Re8 37. Rd1 Re3 38. Qxd4 Qxd4 39. Rxd4 Rxb3 40. Rd6 Rb4 41. Kg1 Rxa4 42. Rxb6 Rf4 43. Ra6 Rxf5 0-1


[Site "https://www.chess.com"]

[Event "Titled Tuesday Blitz November 14 Late 2023"]
[White "Rodriguez Dominguez, Melissa"]
[Black "Hoffmann, Asa"]
[WhiteFideId "3517560"]
[BlackFideId "2001470"]
[WhiteElo "2229"]
[BlackElo "2400"]
[Result "1-0"]
[Round "7"]
[TimeControl "180+1"]
[Date "2023.11.14"]
[WhiteClock "0:00:58"]
[BlackClock "0:00:54"]
[Board "104"]

1. e4 d6 2. d4 Nf6 3. Nc3 c6 4. Be3 Ng4 5. Bf4 Qb6 6. Bc1 e5 7. Nf3 Be7 8. h3 Nf6 9. dxe5 dxe5 10. Nxe5 Bb4 11. Bd3 O-O 12. O-O Re8 13. Nc4 Qc7 14. e5 Bxc3 15. bxc3 Nd5 16. Qe1 Be6 17. Nd6 Rd8 18. c4 Ne7 19. Qe4 g6 20. Bg5 Na6 21. Qh4 Rd7 22. Bf6 h5 23. Qg5 Rxd6 24. exd6 Qxd6 25. Bxe7 Qd4 26. Bf6 1-0


[Site "https://www.chess.com"]

[Event "Titled Tuesday Blitz November 14 Late 2023"]
[White "Benaddi, Mouhcine"]
[Black "Kuegel, Tobias"]
[WhiteFideId "9001050"]
[BlackFideId "4636295"]
[WhiteElo "2225"]
[BlackElo "2400"]
[Result "1-0"]
[Round "7"]
[TimeControl "180+1"]
[Date "2023.11.14"]
[WhiteClock "0:01:33"]
[BlackClock "0:01:18"]
[Board "105"]

1. Nf3 d5 2. e3 c5 3. d4 Nf6 4. Be2 Nc6 5. c4 cxd4 6. cxd5 Qxd5 7. exd4 Bg4 8. Nc3 Qh5 9. Qb3 O-O-O 10. O-O e6 11. Bf4 g5 12. Be5 Bd6 13. Rac1 Bxe5 14. dxe5 Nd5 15. Nxd5 Rxd5 16. Ba6 Bxf3 17. Qxb7+ Kd8 18. Rxc6 Rd7 19. Rc8+ Ke7 20. Qb4+ Rd6 21. Qxd6# 1-0


[Site "https://www.chess.com"]

[Event "Titled Tuesday Blitz November 14 Late 2023"]
[White "Mushini Ajay"]
[Black "Floresvillar Gonzalez, Luis Migu"]
[WhiteFideId "35066188"]
[BlackFideId "5100542"]
[WhiteElo "2400"]
[BlackElo "2217"]
[Result "1-0"]
[Round "7"]
[TimeControl "180+1"]
[Date "2023.11.14"]
[WhiteClock "0:00:29"]
[BlackClock "0:00:00"]
[Board "106"]

1. e4 c6 2. c4 d5 3. exd5 cxd5 4. cxd5 Nf6 5. Nc3 Nxd5 6. Bc4 e6 7. d4 Nxc3 8. bxc3 Qc7 9. Qd3 Be7 10. Nf3 Nd7 11. O-O O-O 12. Bb3 a6 13. Bg5 Bxg5 14. Nxg5 Nf6 15. Bc2 g6 16. Qf3 Kg7 17. Bb3 Bd7 18. c4 Rad8 19. Rad1 h6 20. Ne4 Nxe4 21. Qxe4 Bc6 22. d5 exd5 23. cxd5 Bb5 24. d6 Qc5 25. Rd5 Qc3 26. Rfd1 Bc6 27. Qd4+ Qxd4 28. R5xd4 Rd7 29. f3 Rfd8 30. Kf2 f5 31. Be6 Kf6 32. Bxd7 Rxd7 33. Re1 g5 34. f4 gxf4 35. Re7 Rxe7 36. dxe7 Kxe7 37. Rxf4 Be4 38. Rh4 Bd5 39. a3 b5 40. Rxh6 a5 41. Rb6 Bc4 42. Ke3 a4 43. Kf4 1-0


[Site "https://www.chess.com"]

[Event "Titled Tuesday Blitz November 14 Late 2023"]
[White "Kujawski, Adam"]
[Black "Acosta Cruz, Oscar Yosimar"]
[WhiteFideId "1100920"]
[BlackFideId "5111269"]
[WhiteElo "2398"]
[BlackElo "2209"]
[Result "0-1"]
[Round "7"]
[TimeControl "180+1"]
[Date "2023.11.14"]
[WhiteClock "0:00:00"]
[BlackClock "0:00:07"]
[Board "107"]

1. e4 c6 2. d4 d5 3. f3 e6 4. Nc3 Nf6 5. e5 Nfd7 6. f4 c5 7. Nf3 cxd4 8. Nxd4 Bc5 9. Be3 Nc6 10. Qd2 Nxd4 11. Bxd4 O-O 12. O-O-O a6 13. h4 b5 14. Rh3 Qb6 15. Ne2 Bb7 16. h5 Rac8 17. h6 g6 18. Kb1 Bxd4 19. Nxd4 Nc5 20. f5 Ne4 21. Qf4 exf5 22. Rg3 Nxg3 23. Qxg3 Kh8 24. Qh4 Qd8 25. Qf4 Qe7 26. Re1 Rfe8 27. Bd3 Rc4 28. Bxc4 dxc4 29. Qg3 Be4 30. Rxe4 fxe4 31. Qf4 Qxe5 32. Qxf7 Qe7 33. Qf4 e3 34. Ne2 Rf8 35. Qd4+ Rf6 36. Qb6 Rxb6 0-1


[Site "https://www.chess.com"]

[Event "Titled Tuesday Blitz November 14 Late 2023"]
[White "Figorito, Nick"]
[Black "Michalski, Olaf"]
[WhiteFideId "30923689"]
[BlackFideId "1106740"]
[WhiteElo "2397"]
[BlackElo "2168"]
[Result "1-0"]
[Round "7"]
[TimeControl "180+1"]
[Date "2023.11.14"]
[WhiteClock "0:00:16"]
[BlackClock "0:00:00"]
[Board "108"]

1. Nf3 d6 2. g3 e5 3. Bg2 f5 4. O-O Nf6 5. c4 Be7 6. Nc3 O-O 7. d3 Qe8 8. Nd5 Bd8 9. Bg5 c6 10. Nxf6+ gxf6 11. Bh6 Rf7 12. b4 Nd7 13. b5 Nf8 14. bxc6 bxc6 15. Qa4 Bd7 16. Nh4 Ng6 17. c5 Nxh4 18. Qxh4 d5 19. Rab1 Be7 20. Rfc1 Rb8 21. d4 Bf8 22. e3 Be6 23. a4 Qc8 24. a5 Rbb7 25. Bh3 Qb8 26. Rxb7 Qxb7 27. Bxf8 Rxf8 28. Qh5 exd4 29. Bxf5 dxe3 30. Bxe6+ Kh8 31. fxe3 Qb2 32. Rf1 Qe5 33. Qxe5 1-0


[Site "https://www.chess.com"]

[Event "Titled Tuesday Blitz November 14 Late 2023"]
[White "Novikova, Margarita"]
[Black "Balla, Tamas-Kristof"]
[WhiteFideId "14109689"]
[BlackFideId "1208497"]
[WhiteElo "2176"]
[BlackElo "2379"]
[Result "0-1"]
[Round "7"]
[TimeControl "180+1"]
[Date "2023.11.14"]
[WhiteClock "0:00:00"]
[BlackClock "0:00:32"]
[Board "109"]

1. d4 d5 2. Bf4 Nf6 3. Nd2 e6 4. c3 Bd6 5. Bg3 O-O 6. e3 c5 7. Ngf3 b6 8. Bd3 Ba6 9. Qe2 Bxd3 10. Qxd3 Nc6 11. O-O Bxg3 12. hxg3 Qd6 13. Rad1 Rad8 14. Qe2 Rfe8 15. e4 e5 16. dxe5 Nxe5 17. Nxe5 Qxe5 18. f4 Qh5 19. Qxh5 Nxh5 20. e5 Nxg3 21. Rf3 Nf5 22. g4 Nh6 23. Rg3 d4 24. c4 Rd7 25. Ne4 Red8 26. Nd6 f6 27. g5 fxg5 28. Rxg5 Nf7 29. Nxf7 Rxf7 30. f5 h6 31. Rh5 Re8 32. e6 Rf6 33. Re1 Kf8 34. Re5 Ke7 35. Rd5 Rd8 36. Re5 d3 37. Re1 d2 38. Rd1 Rd4 39. b3 g6 40. Rxh6 gxf5 41. Rh7+ Kxe6 42. Rxa7 f4 43. Kf2 Kf5 44. a4 Ke4 45. Re7+ Kd3 46. Rh7 Kc2 47. Rhh1 Kxb3 48. Kf3 Kxc4 49. Rb1 Rfd6 50. Rhd1 Re6 51. Ra1 Kc3 52. a5 bxa5 53. Rxa5 Re1 54. Raa1 Rxd1 55. Rxd1 Kc2 0-1


[Site "https://www.chess.com"]

[Event "Titled Tuesday Blitz November 14 Late 2023"]
[White "Lalanne, Pablo"]
[Black "miraitrunks"]
[WhiteFideId "112151"]
[WhiteElo "2352"]
[BlackElo "2094"]
[Result "1-0"]
[Round "7"]
[TimeControl "180+1"]
[Date "2023.11.14"]
[WhiteClock "0:01:40"]
[BlackClock "0:01:24"]
[Board "110"]

1. d4 d5 2. c4 Bf5 3. Qb3 Nc6 4. Nf3 e6 5. e3 Nb4 6. Na3 Nf6 7. Bd2 a5 8. c5 Be7 9. Bxb4 axb4 10. Qxb4 O-O 11. Be2 b6 12. O-O Ne4 13. Rac1 bxc5 14. dxc5 c6 15. Nd4 Rb8 16. Qe1 Rxb2 17. Nxc6 Qe8 18. Nxe7+ Qxe7 19. Bd3 Rxa2 20. Bxe4 Bxe4 21. Nb5 Bd3 22. Nc3 Ra5 23. Nxd5 exd5 24. Qxa5 Bxf1 25. Rxf1 Rc8 26. Rc1 Rc6 27. Qa8+ 1-0


[Site "https://www.chess.com"]

[Event "Titled Tuesday Blitz November 14 Late 2023"]
[White "Winkels, Marcel"]
[Black "Huda, Maryana"]
[WhiteFideId "1003887"]
[BlackFideId "14116553"]
[WhiteElo "2089"]
[BlackElo "2348"]
[Result "0-1"]
[Round "7"]
[TimeControl "180+1"]
[Date "2023.11.14"]
[WhiteClock "0:00:25"]
[BlackClock "0:00:31"]
[Board "111"]

1. e4 c5 2. Nf3 d6 3. d4 cxd4 4. Nxd4 Nf6 5. Nc3 a6 6. h3 e5 7. Nf3 Be7 8. Bc4 O-O 9. O-O Be6 10. Bxe6 fxe6 11. Ng5 Qd7 12. Be3 h6 13. Nf3 Nc6 14. a3 Rad8 15. Qd3 d5 16. Bb6 Rc8 17. Rad1 d4 18. Ne2 Qe8 19. c3 Qg6 20. Ng3 Bd6 21. cxd4 exd4 22. Nd2 Bxg3 23. Qxg3 Qxg3 24. fxg3 e5 25. Nc4 Nxe4 26. Rfe1 Nxg3 27. Nxe5 Nxe5 28. Rxe5 Rce8 29. Rxe8 Rxe8 30. Rxd4 Ne2+ 31. Kf2 Nxd4 32. Bxd4 Kf7 33. b4 g6 34. a4 h5 35. a5 Ke6 36. Bc5 Kd5 37. Kf3 Re4 38. g4 hxg4+ 39. hxg4 Rc4 40. Be7 Ke5 41. g5 Rc3+ 42. Kg4 Ke4 43. Bd6 Rc1 44. Kg3 Kf5 45. Be7 Rc4 46. Kf3 Rf4+ 47. Ke3 Re4+ 48. Kd3 Rxe7 0-1


[Site "https://www.chess.com"]

[Event "Titled Tuesday Blitz November 14 Late 2023"]
[White "Gerbelli Neto, Eduardo"]
[Black "Elbebiber"]
[WhiteFideId "2103281"]
[WhiteElo "2343"]
[BlackElo "2074"]
[Result "0-1"]
[Round "7"]
[TimeControl "180+1"]
[Date "2023.11.14"]
[WhiteClock "0:01:18"]
[BlackClock "0:01:03"]
[Board "112"]

1. e4 d5 2. exd5 Nf6 3. d4 Nxd5 4. c4 Nb6 5. Nc3 e5 6. dxe5 Qxd1+ 7. Nxd1 Nc6 8. Nf3 Bg4 9. Bf4 Bxf3 10. gxf3 Nd4 11. Ne3 Nxf3+ 12. Ke2 Nd4+ 13. Kd3 O-O-O 14. Ke4 Ne6 15. Rd1 Bc5 16. b3 Rxd1 17. Nxd1 Rd8 18. Bh3 Rd4+ 19. Kf3 Rxf4+ 20. Kg3 Rd4 21. Ne3 Rd3 0-1


[Site "https://www.chess.com"]

[Event "Titled Tuesday Blitz November 14 Late 2023"]
[White "tandercat"]
[Black "Burke, Paul"]
[BlackFideId "2605767"]
[WhiteElo "2057"]
[BlackElo "1862"]
[Result "1-0"]
[Round "7"]
[TimeControl "180+1"]
[Date "2023.11.14"]
[WhiteClock "0:00:12"]
[BlackClock "0:00:00"]
[Board "114"]

1. d4 Nf6 2. c4 c5 3. d5 Ne4 4. f3 Qa5+ 5. Nd2 Nf6 6. e4 d6 7. Ne2 g6 8. Nc3 Bg7 9. Bd3 Na6 10. O-O O-O 11. Nb3 Qd8 12. a3 h6 13. Be3 e5 14. dxe6 Bxe6 15. Qd2 Kh7 16. Rad1 Qe7 17. Be2 Rfd8 18. Na1 Nc7 19. Nc2 a6 20. a4 b6 21. Bf4 Nfe8 22. Ne3 Bd4 23. Kh1 g5 24. Bg3 Nf6 25. Ned5 Bxd5 26. Nxd5 Nfxd5 27. exd5 Kg8 28. Rfe1 Qf6 29. Bd3 Qg7 30. Re2 h5 31. h3 Be5 32. Bxe5 dxe5 33. Rde1 f6 34. Be4 Rab8 35. Bf5 Rd6 36. b3 Rbd8 37. a5 b5 38. Qe3 Qe7 39. Qxc5 Ne8 40. Be6+ Kh8 41. Bf5 Ng7 42. Be4 R6d7 43. Qe3 Qd6 44. Bc2 Re7 45. Qe4 f5 46. Qe3 Rde8 47. Qxg5 bxc4 48. bxc4 Rf8 49. h4 Qc7 50. f4 e4 51. Bb3 Qc5 52. Qh6+ Kg8 53. Qc6 1-0


[Site "https://www.chess.com"]

[Event "Titled Tuesday Blitz November 14 Late 2023"]
[White "Gyulamiryan-koryun"]
[Black "Reprintsev, Alexander"]
[BlackFideId "14100541"]
[WhiteElo "1898"]
[BlackElo "2482"]
[Result "0-1"]
[Round "7"]
[TimeControl "180+1"]
[Date "2023.11.14"]
[WhiteClock "0:00:00"]
[BlackClock "0:00:55"]
[Board "115"]

1. e4 d5 2. exd5 Qxd5 3. Nc3 Qa5 4. d4 Nf6 5. Nf3 Nc6 6. Bf4 Bg4 7. Be2 O-O-O 8. h3 Bxf3 9. Bxf3 Nxd4 10. O-O e5 11. Be3 Nxf3+ 12. Qxf3 Bc5 13. Bg5 Rd6 14. a3 Bd4 15. b4 Qa6 16. Rad1 Rhd8 17. Ne4 Nxe4 18. Bxd8 Nxf2 19. Rxd4 Rxd4 20. Be7 Rf4 21. Qd5 Nxh3+ 22. Kh2 Rd4 23. Qxf7 b6 24. Qf5+ Kb7 25. Qf3+ e4 26. Qf5 Qc4 27. Bh4 e3 28. Qf3+ Ka6 29. gxh3 Rxh4 30. Qxe3 Qxf1 0-1


[Site "https://www.chess.com"]

[Event "Titled Tuesday Blitz November 14 Late 2023"]
[White "Ocelak, Jakub"]
[Black "Cardozo Munar, Carlos Eduardo"]
[WhiteFideId "23707933"]
[BlackFideId "4409477"]
[WhiteElo "2511"]
[BlackElo "2268"]
[Result "0-1"]
[Round "7"]
[TimeControl "180+1"]
[Date "2023.11.14"]
[WhiteClock "0:00:00"]
[BlackClock "0:00:45"]
[Board "116"]

1. e4 e6 2. Nf3 d5 3. e5 c5 4. b4 cxb4 5. d4 Nc6 6. a3 f6 7. axb4 fxe5 8. Nxe5 Nxe5 9. dxe5 Bxb4+ 10. c3 Bc5 11. Bd3 g6 12. O-O Qh4 13. Qf3 Ne7 14. Na3 Rf8 15. Qe2 Nc6 16. Nb5 Kd7 17. Ba3 Bxa3 18. Rxa3 a6 19. Rfa1 Qh5 20. Qxh5 gxh5 21. Bxh7 Nxe5 22. Nd4 Kd6 23. Nb5+ Ke7 24. Nd4 Bd7 25. Rb1 b5 26. Rba1 Rfc8 27. Kf1 a5 28. Rxa5 Rxa5 29. Rxa5 Rxc3 30. Nxb5 Rc5 31. f4 Rxb5 32. Rxb5 Bxb5+ 33. Kf2 Ng4+ 34. Kg3 Nf6 35. Bc2 Kd6 36. h3 Kc5 37. Kf3 Kd4 38. g4 hxg4+ 39. hxg4 Kc3 40. Bb1 Bd3 41. Bxd3 Kxd3 42. g5 Ne8 43. Kg4 Ng7 44. f5 exf5+ 45. Kf4 Kd4 46. g6 Kc5 0-1


[Site "https://www.chess.com"]

[Event "Titled Tuesday Blitz November 14 Late 2023"]
[White "Martin Barcelo, Carles"]
[Black "Perry, Patrick"]
[WhiteFideId "24561444"]
[BlackFideId "30917727"]
[WhiteElo "2450"]
[BlackElo "2253"]
[Result "1-0"]
[Round "7"]
[TimeControl "180+1"]
[Date "2023.11.14"]
[WhiteClock "0:01:31"]
[BlackClock "0:00:41"]
[Board "117"]

1. d4 c5 2. Nf3 Nf6 3. dxc5 Qa5+ 4. Bd2 Qxc5 5. e3 d5 6. c4 dxc4 7. Nc3 Nc6 8. Rc1 e5 9. Be2 Be6 10. O-O Be7 11. Qa4 a6 12. Qc2 O-O 13. Ne4 Nxe4 14. Qxe4 f5 15. Qc2 e4 16. Ne1 Ne5 17. Bc3 Nd3 18. Bd4 Qb5 19. Rb1 Rac8 20. f3 Bd5 21. f4 Bf6 22. Bxf6 Rxf6 23. Qc3 Rfc6 24. Nc2 Qc5 25. Nd4 R6c7 26. Nxf5 b5 27. a3 a5 28. Qxa5 b4 29. Qxc5 Rxc5 30. Ne7+ Kf7 31. Nxc8 Rxc8 32. Bxd3 exd3 33. axb4 c3 34. bxc3 Rxc3 35. Rf2 Be4 36. Rd2 Ke6 37. Kf2 Kd5 38. b5 Rc7 39. b6 Rb7 40. Rb4 g6 41. Rd4+ 1-0


[Site "https://www.chess.com"]

[Event "Titled Tuesday Blitz November 14 Late 2023"]
[White "claudiuprunescu"]
[Black "Laskakis, Konstantinos"]
[BlackFideId "42134374"]
[WhiteElo "2199"]
[BlackElo "2338"]
[Result "0-1"]
[Round "7"]
[TimeControl "180+1"]
[Date "2023.11.14"]
[WhiteClock "0:00:09"]
[BlackClock "0:00:20"]
[Board "118"]

1. d4 d5 2. c4 e6 3. Nc3 c6 4. cxd5 exd5 5. Nf3 Bd6 6. Bg5 Ne7 7. e3 O-O 8. Bd3 h6 9. Bh4 Re8 10. Qc2 Qc7 11. Bg3 Be6 12. Rc1 Bxg3 13. hxg3 Nd7 14. Bh7+ Kf8 15. Kf1 Nf6 16. Bd3 Qd7 17. Ne5 Qd8 18. Qb3 Qb6 19. Na4 Qxb3 20. axb3 Nc8 21. Ke2 Nd6 22. Nc5 Bc8 23. Ra1 Re7 24. b4 a6 25. Na4 Bf5 26. Nc5 Bxd3+ 27. Kxd3 Nfe4 28. Ke2 Ke8 29. g4 Kd8 30. Rh5 Kc7 31. Rhh1 Ng5 32. Rhc1 Nge4 33. f3 Nf6 34. Kd3 Nb5 35. Ra5 Ne8 36. Raa1 Ned6 37. b3 Rae8 38. Ra5 f6 39. f4 fxe5 40. fxe5 Nf7 41. Ra2 Nxe5+ 42. Ke2 Nxg4 43. Kf3 Nxe3 44. Re2 Rf8+ 45. Kg3 Nf5+ 0-1


[Site "https://www.chess.com"]